 Dungeon Crawl Stone Soup version 0.31-a0-1163-gcee99d1eea (webtiles) character file.

Game seed: 4448393165366982674

504 James the Ruffian (level 7, -2/67 HPs)
             Began as an Octopode Shapeshifter on Dec 9, 2023.
             Splashed by a jelly's acid (3 damage)
             ... on level 4 of the Dungeon.
             The game lasted 00:05:38 (2654 turns).

James the Ruffian (Octopode Shapeshifter)           Turns: 2654, Time: 00:05:39

Health: -2/67      AC: 15    Str: 16    XL:     7   Next: 17%
Magic:  7/7        EV:  2    Int: 12    God:
Gold:   215        SH:  0    Dex: 11    Spells: 6/6 levels left

rFire   . .          .
                       - Unarmed
rCold   . . .        (no shield)
rNeg    . . .        (helmet currently unavailable)
rPois   +            (no amulet)
rElec   .            (no ring)
rCorr   .            (no ring)
SInv    .            (no ring)
Will    .....        (no ring)
Stlth   +            (no ring)
HPRegen 0.31/turn    (no ring)
MPRegen 0.10/turn    (no ring)
                     (no ring)

%: no passive effects
@: tree-form, corroded
A: stationary, stasis, torment immunity, boosted hp, almost no armour,
(amphibious), 8 rings, (camouflage 1), (gelatinous body 1), (nimble swimmer 1),
(tentacles)
a: no special abilities


You were on level 4 of the Dungeon.
You were a tree.
You visited 1 branch of the dungeon, and saw 4 of its levels.
You also visited: Sewer.

You collected 215 gold pieces.

Inventory:

Hand Weapons
 b - a +0 sling
   (You found it on level 4 of the Dungeon)
Missiles
 o - 13 poisoned darts
 y - 2 curare-tipped darts {!f}
Talismans
 c - a flux talisman
 s - a maw talisman
   (You found it on level 2 of the Dungeon)
 w - a beast talisman
Wands
 d - a wand of iceblast (9)
   (You found it on level 3 of the Dungeon)
 t - a wand of flame (10)
   (You took it off a kobold on level 4 of the Dungeon)
Scrolls
 e - 3 scrolls of identify {@r1}
 i - a scroll of fog {unknown}
 j - 2 scrolls of blinking {unknown}
 k - 2 scrolls of amnesia {unknown}
 n - a scroll of vulnerability {unknown}
 r - a scroll of revelation
 u - a scroll of enchant armour {unknown}
 v - a scroll of enchant weapon {unknown}
 z - a scroll of teleportation {unknown}
 A - a scroll of poison {unknown}
Potions
 f - a potion of curing {unknown}
 g - a potion of heal wounds {unknown}
 h - a potion of resistance {unknown}
 l - a potion of might {unknown}
 m - 2 potions of mutation {unknown}
 p - a potion of berserk rage {unknown}
 q - 2 potions of attraction {!q}
 x - a potion of invisibility {unknown}


   Skills:
 - Level 2.0 Fighting
 - Level 2.0 Dodging
 + Level 6.3 Unarmed Combat
 - Level 5.0 Shapeshifting


You had 6 spell levels left.
You didn't know any spells.
Your spell library contained the following spells:

 Spells                   Type           Power      Damage    Failure   Level
 Slow                     Hex            0%         N/A       32%         1
 Lesser Beckoning         Tloc           0%         N/A       45%         2
 Wereblood                Tmut           0%         N/A       45%         2
 Confusing Touch          Hex            0%         N/A       69%         3
 Gell's Gravitas          Tloc           0%         N/A       69%         3
 Sigil of Binding         Hex            0%         N/A       69%         3
 Teleport Other           Tloc           0%         N/A       69%         3
 Vampiric Draining        Necr           0%         2d6       69%         3
 Irradiate                Conj/Tmut      0%         3d11      100%        5


Dungeon Overview and Level Annotations

Branches:
Dungeon (4/15)             Temple (0/1) D:4           Sewer (visited)

Altars:


Innate Abilities, Weirdness & Mutations

You are a tree.
Your roots penetrate the ground, keeping you stationary.
You cannot be teleported.
You are immune to unholy pain and torment.
Your maximum health is greatly increased.
You cannot wear most types of armour.
((You are amphibious.))
You can wear up to eight rings at the same time.
((Your skin changes colour to match your surroundings (Stealth+).))
((Your rubbery body absorbs attacks. (AC +1, EV +1)))
((You are camouflaged when in or above water. (Stealth+)))
((You have tentacles for arms and can constrict up to eight enemies at once.))


Message History

Things that are here:
a +0 morningstar; 3 boomerangs; a +0 ring mail You now have 215 gold pieces (gained 11).
There is an open door here.
Things that are here:
a +0 club; an orc corpse
Things that are here:
a +0 war axe; a +0 leather armour; an orc corpse An adder comes into view.
An adder is nearby!
Found a rapier.
Found a chain mail.
The helpless adder fails to defend itself.
You tentacle-slap the adder. Your grab misses the adder. The adder bites you.
You bludgeon the adder!
You kill the adder!
No target in view!
A jelly comes into view.
A jelly is nearby!
A dart slug comes into view.
Found 7 gold pieces.
The helpless dart slug fails to defend itself.
You bludgeon the dart slug!
You kill the dart slug!
The jelly quivers.
The jelly hits you. The acid corrodes you!
You are splashed with acid!
You tentacle-slap the jelly but do no damage.
Your tentacles burn!
You squeeze the jelly. The jelly barely misses you.
You tentacle-slap the jelly.
Your tentacles burn!
The jelly barely misses you.
You tentacle-slap the jelly.
Your tentacles burn!
The jelly hits you.
You are splashed with acid!
* * * LOW HITPOINT WARNING * * *
You tentacle-slap the jelly. The acid corrodes you!
Your tentacles burn!
* * * LOW HITPOINT WARNING * * *
The jelly hits you.
* * * LOW HITPOINT WARNING * * *
You are splashed with acid!
* * * LOW HITPOINT WARNING * * *
You tentacle-slap the jelly but do no damage.
Your tentacles burn!
* * * LOW HITPOINT WARNING * * *
Your transformation has ended.
You turn into a tree.
Your roots penetrate the ground.
The jelly barely misses you.
Unknown command.
You hit the jelly but do no damage.
Your branches burn!
* * * LOW HITPOINT WARNING * * *
The jelly completely misses you.
You hit the jelly but do no damage.
Your branches burn!
You die...

'............,.......,>*
#####.########....$..*,* #
#.# #.......*,***
#.########......,*,,,*
#####.............#***,*,*
.........####)....# *,,,*
.........# #.....# *,***
.........####.....# *,*
................♣.# **,*
...............##J#**,,*
..............[...#,,,,*
.....##..........#..**,*
#...#*#####+##...#.#**,***
....,,,,,,,,,#.....#**,,,*
,..,,,,******##.....****,*
,**,,,,* *.....* *,*
,**,,,,* ******,,,,,* *,*


You could see a jelly.

Vanquished Creatures
  Pargi (Sewer)
  2 kobold brigands (Sewer)
  A scorpion (D:2)
  A hound (D:4)
  7 adders
  3 river rats (D:4)
  A worm (D:3)
  2 dart slugs
  5 orcs (D:4)
  2 endoplasms
  6 giant cockroaches
  6 goblins
  7 hobgoblins
  4 jackals (D:1)
  12 kobolds
  2 quokkas (D:2)
  11 ball pythons
  7 bats
  3 frilled lizards
  A rat (D:1)
84 creatures vanquished.

Notes
Turn   | Place    | Note
-------+----------+-------------------------------------------
     0 | D:1      | James the Octopode Shapeshifter began the quest for the
                  | Orb.
     0 | D:1      | Reached XP level 1. HP: 13/13 MP: 1/1
   147 | D:1      | Reached XP level 2. HP: 18/18 MP: 2/2
   242 | D:1      | Reached skill level 4 in Unarmed Combat
   432 | D:1      | Reached XP level 3. HP: 10/23 MP: 3/3
   884 | D:2      | Reached XP level 4. HP: 28/28 MP: 4/4
  1023 | D:2      | Noticed a scorpion
  1034 | D:2      | Killed a scorpion
  1035 | D:2      | Reached skill level 5 in Unarmed Combat
  1035 | D:2      | Reached XP level 5. HP: 15/33 MP: 5/5
  1182 | D:2      | Found a faded altar of an unknown god.
  1896 | D:3      | Reached skill level 6 in Unarmed Combat
  2102 | D:4      | Found a glowing drain.
  2178 | Sewer    | Entered a sewer
  2179 | Sewer    | Noticed Pargi
  2187 | Sewer    | Killed Pargi
  2188 | Sewer    | Reached XP level 6. HP: 39/39 MP: 6/6
  2392 | Sewer    | Reached skill level 5 in Shapeshifting
  2392 | Sewer    | Reached XP level 7. HP: 27/45 MP: 7/7
  2653 | D:4      | HP: 1/67 [acid (5)]
  2654 | D:4      | Splashed by a jelly's acid

Illustrated notes

Levels and vault maps discovered:
D:1:      dpeg_arrival_pond, layout_basic
D:2:      layout_basic, basic_ecumenical_altar
D:3:      layout_rooms
D:4:      layout_basic, general_overflow_altar, minmay_temple_entry_large_hall,
          portal_sewer_entry_c, minmay_misc_feat_alley, uniq_menkaure

Skill      XL: |  1  2  3  4  5  6 |
---------------+-------------------+-----
Unarmed Combat | 4 5 6 |  6.3
Fighting       | 2 |  2.0
Shapeshifting  | 4 5 |  5.0
Dodging        | |  2.0

Action                     |  1- 3 |  4- 6 |  7- 9 || total
---------------------------+-------+-------+-------++-------
  Melee: Unarmed           |    73 |    75 |    23 ||   171
         Constrict         |    18 |    19 |     1 ||    38
         Tentacles         |     6 |    15 |     4 ||    25
         Punch             |     1 |     3 |       ||     4
   Fire: Sling             |       |     3 |       ||     3
    Use: Scroll            |       |     2 |       ||     2
         Potion            |       |     1 |     1 ||     2
   Stab: Sleeping          |     5 |     6 |     3 ||    14
 Armour: Skin              |    23 |    29 |    13 ||    65
  Dodge: Dodged            |    66 |    33 |    17 ||   116

Table legend: (Time is in decaauts)
 A = Elapsed time spent in this place.
 B = Non-inter-level travel time spent in this place.
 C = Inter-level travel time spent in this place.
 D = Time resting spent in this place.
 E = Time spent auto-exploring this place.
 F = Levels seen in this place.
 G = Mean time per level.
                   A        B        C        D        E       F      G
               +--------+--------+--------+--------+--------+-----+--------+
         Total |   2637 |   2549 |     88 |    156 |   1829 |   5 |  527.4 |
       Dungeon |   2308 |   2220 |     88 |     35 |   1686 |   4 |  577.0 |
         Sewer |    329 |    329 |      0 |    121 |    143 |   1 |  329.0 |
               +--------+--------+--------+--------+--------+-----+--------+

Top non-repeatable levels by time:
     D:2: 989 daAuts
     D:1: 656 daAuts
     D:3: 432 daAuts
   Sewer: 329 daAuts
     D:4: 230 daAuts
